[Event "January 2 Early 2024"]
[Site "https://www.chess.com"]
[Date "2024.01.02"]
[Round "4"]
[White "Sokolov, Andrei"]
[Black "Hajiyev, Kanan"]
[Result "0-1"]
[Board "136"]
[TimeControl "180+1"]
[WhiteFideId "11600306"]
[BlackFideId "13404148"]
[WhiteElo "2386"]
[BlackElo "2627"]
[WhiteTeam "LAT"]
[BlackTeam "AZE"]
[WhiteClock "0:00:04"]
[BlackClock "0:00:58"]

1. d4 d5 2. c4 c6 3. Nc3 Nf6 4. cxd5 cxd5 5. Bf4 a6 6. e3 Nc6 7. Bd3 Bg4 8. Nge2 e6 9. O-O Bd6 10. Bxd6 Qxd6 11. Rc1 O-O 12. Na4 Nd7 13. a3 Rac8 14. b4 Bh5 15. Nc5 Nxc5 16. bxc5 Qe7 17. Qc2 Bxe2 18. Qxe2 e5 19. Qb2 f5 20. Qb3 Qf7 21. dxe5 Nxe5 22. Be2 Nd7 23. Qxb7 Nxc5 24. Qxf7+ Rxf7 25. Rfd1 Rfc7 26. Rxd5 g6 27. h3 a5 28. Rcd1 a4 29. Rd8+ Rxd8 30. Rxd8+ Kg7 31. Rd5 Ne4 32. Bb5 Nc3 33. Rd7+ Rxd7 34. Bxd7 Kf6 35. Kf1 Ke7 36. Bc6 Kd6 37. Bf3 Kc5 38. Ke1 Nb1 39. Bd1 Kb5 40. Be2+ Ka5 41. Kd1 Nxa3 42. Kc1 Kb4 43. Kb2 Nc4+ 44. Ka2 Nd2 45. f3 Nb3 46. e4 Nc1+ 47. Kb2 Nxe2 48. e5 a3+ 49. Ka1 Nd4 50. g4 f4 51. h4 Kb3 52. h5 a2 53. hxg6 Nc2# 0-1

[Event "January 2 Early 2024"]
[Site "https://www.chess.com"]
[Date "2024.01.02"]
[Round "4"]
[White "Rios Escobar, Adan"]
[Black "Mammadova, Narmin"]
[Result "0-1"]
[Board "137"]
[TimeControl "180+1"]
[WhiteFideId "3403645"]
[BlackFideId "13403710"]
[WhiteElo "2384"]
[BlackElo "2627"]
[WhiteTeam "CHI"]
[BlackTeam "AZE"]
[WhiteClock "0:00:06"]
[BlackClock "0:00:09"]

1. d4 d5 2. Nf3 Nf6 3. g3 g6 4. Bg2 Bg7 5. c4 c6 6. cxd5 cxd5 7. Nc3 O-O 8. Ne5 Nc6 9. O-O a6 10. Bf4 Nh5 11. Nxd5 Nxf4 12. gxf4 e6 13. Nxc6 bxc6 14. Nc3 Rb8 15. e3 Rxb2 16. Ne4 Qa5 17. a3 Bd7 18. Nc5 Be8 19. Qc1 Rb8 20. Qc4 Ra8 21. Rfb1 h5 22. Rb7 Bf6 23. Bh3 Kh8 24. Kg2 Rg8 25. Kf3 g5 26. fxg5 Rxg5 27. Ne4 Rg6 28. Bxe6 fxe6 29. Qxe6 Bg7 30. Qh3 Rg4 31. Ng3 Bg6 32. Kg2 Qd5+ 33. f3 c5 34. Rab1 Rf8 35. Rb8 Qxf3+ 36. Kg1 Qf2+ 37. Kh1 Qf3+ 38. Kg1 Qxe3+ 39. Kh1 Qf3+ 40. Kg1 Bxd4# 0-1

[Event "January 2 Early 2024"]
[Site "https://www.chess.com"]
[Date "2024.01.02"]
[Round "4"]
[White "Bulatova, Kamaliya"]
[Black "Golubev, Mikhail"]
[Result "1-0"]
[Board "138"]
[TimeControl "180+1"]
[WhiteFideId "34111546"]
[BlackFideId "14100983"]
[WhiteElo "2382"]
[BlackElo "2612"]
[WhiteTeam "RUS"]
[BlackTeam "UKR"]
[WhiteClock "0:00:07"]
[BlackClock "0:00:00"]

1. e4 c5 2. c3 Nf6 3. e5 Nd5 4. Nf3 d6 5. d4 cxd4 6. cxd4 Nc6 7. Nc3 Nxc3 8. bxc3 g6 9. Ba3 Bg7 10. exd6 exd6 11. Be2 O-O 12. O-O Re8 13. d5 Na5 14. Rc1 Bg4 15. h3 Bxf3 16. Bxf3 Nc4 17. Qb3 Nd2 18. Qxb7 Nxf3+ 19. gxf3 Qg5+ 20. Kh1 Qf4 21. Kg2 Be5 22. Rh1 Qg5+ 23. Kf1 Bf4 24. Rd1 Qe5 25. Qb5 Qxc3 26. Qd3 Qf6 27. Bb4 Rac8 28. h4 Be5 29. Bd2 Bc3 30. Bg5 Qe5 31. Be3 Qf6 32. Bg5 Qg7 33. h5 h6 34. Be3 g5 35. f4 g4 36. f5 Kh8 37. Bf4 Be5 38. Be3 g3 39. Rg1 Rg8 40. f4 Bf6 41. Bxa7 Qg4 42. Qe2 Qh3+ 43. Qg2 Qxh5 44. Rh1 Qxf5 45. Rxh6+ 1-0

[Event "January 2 Early 2024"]
[Site "https://www.chess.com"]
[Date "2024.01.02"]
[Round "4"]
[White "Povshednyi, Ivan"]
[Black "Travkina, Anastasia"]
[Result "1/2-1/2"]
[Board "139"]
[TimeControl "180+1"]
[WhiteFideId "14190907"]
[BlackFideId "24129151"]
[WhiteElo "2612"]
[BlackElo "2377"]
[WhiteTeam "UKR"]
[BlackTeam "RUS"]
[WhiteClock "0:00:19"]
[BlackClock "0:01:31"]

1. Nf3 Nf6 2. g3 b5 3. d3 Bb7 4. e4 d6 5. Bg2 g6 6. O-O Bg7 7. Re1 Nbd7 8. c3 c5 9. Nbd2 Qc7 10. d4 O-O 11. a3 a5 12. e5 dxe5 13. dxe5 Nd5 14. e6 fxe6 15. Ng5 Qb6 16. Ndf3 Nc7 17. Qxd7 Rad8 18. Qxe7 Rde8 19. Qd7 Rd8 20. Qe7 Rde8 21. Qd7 Rd8 22. Qe7 1/2-1/2

[Event "January 2 Early 2024"]
[Site "https://www.chess.com"]
[Date "2024.01.02"]
[Round "4"]
[White "Nayak Rajesh"]
[Black "Assylov, Miras"]
[Result "0-1"]
[Board "140"]
[TimeControl "180+1"]
[WhiteFideId "35017152"]
[BlackFideId "13728873"]
[WhiteElo "2372"]
[BlackElo "2600"]
[WhiteTeam "IND"]
[BlackTeam "KAZ"]
[WhiteClock "0:00:29"]
[BlackClock "0:00:10"]

1. b3 a5 2. a4 d6 3. Bb2 Nd7 4. f4 Ngf6 5. Nf3 g6 6. g4 Bg7 7. g5 Nh5 8. Bxg7 Nxg7 9. e3 O-O 10. Qe2 e5 11. fxe5 dxe5 12. Nc3 Re8 13. h4 Nh5 14. Bh3 e4 15. Nh2 Ng3 16. Qg2 Nxh1 17. Ng4 f5 18. Nh6+ Kg7 19. Qxh1 Ne5 20. O-O-O Be6 21. Qh2 Nf3 22. Qf2 Qd6 23. d4 c6 24. Kb2 Rab8 25. Bg2 b5 26. Bxf3 exf3 27. Qxf3 Bd5 28. Qxf5 Rf8 29. Qh3 Bf3 30. Rd2 b4 31. Ne2 Bxe2 32. Rxe2 Rbe8 33. Ng4 c5 34. Rd2 Rf5 35. Nf6 Re7 36. e4 Qf4 37. exf5 Qxd2 38. Nh5+ gxh5 39. f6+ Kf7 40. fxe7 Qxd4+ 41. Ka2 Kxe7 42. Qf3 Qc3 43. Qxc3 bxc3 44. Kb1 Ke6 45. Kc1 Kf5 46. Kd1 Kg4 47. Ke2 Kxh4 48. Kd3 Kxg5 49. Kxc3 h4 50. Kc4 h3 51. Kxc5 h2 52. Kb5 h1=Q 53. c4 Qb7+ 54. Kxa5 Qxb3 55. c5 Kf6 56. c6 Ke7 57. Ka6 Kd6 58. a5 Kxc6 59. Ka7 Qb7# 0-1

[Event "January 2 Early 2024"]
[Site "https://www.chess.com"]
[Date "2024.01.02"]
[Round "4"]
[White "Fernandez Garcia, Gumersindo"]
[Black "Ambartsumova, Karina"]
[Result "1/2-1/2"]
[Board "141"]
[TimeControl "180+1"]
[WhiteFideId "24516740"]
[BlackFideId "4166299"]
[WhiteElo "2371"]
[BlackElo "2591"]
[WhiteTeam "ESP"]
[BlackTeam "RUS"]
[WhiteClock "0:00:19"]
[BlackClock "0:00:03"]

1. e4 e5 2. Nf3 Nc6 3. d4 exd4 4. Bc4 Nf6 5. O-O Nxe4 6. Re1 d5 7. Bxd5 Qxd5 8. Nc3 Qa5 9. Nxe4 Be7 10. Bg5 Be6 11. Bxe7 Nxe7 12. Neg5 O-O-O 13. Nxe6 fxe6 14. Rxe6 Nc6 15. Qe2 h6 16. a3 Qd5 17. Rd1 Rhf8 18. Re4 Qa2 19. Qb5 a6 20. Qb3 Qxb3 21. cxb3 Rd5 22. b4 Rfd8 23. Rd3 b6 24. g4 R8d6 25. h4 Kd7 26. Kg2 Re6 27. Rxe6 Kxe6 28. Kg3 g5 29. h5 Kd6 30. Nd2 Ne5 31. Ne4+ Ke6 32. Rd1 d3 33. Nd2 Rd4 34. f3 c5 35. bxc5 bxc5 36. Kf2 c4 37. Ke3 Rf4 38. Rc1 Kd5 39. Rc3 Nxf3 40. Nxf3 Re4+ 41. Kd2 Re2+ 42. Kd1 Rxb2 43. Nd2 Ra2 44. Nxc4 Kd4 45. Rc1 Rg2 46. Nd6 Rg1+ 47. Kd2 Rg2+ 48. Kd1 Rg1+ 49. Kd2 Rg2+ 50. Kd1 1/2-1/2

[Event "January 2 Early 2024"]
[Site "https://www.chess.com"]
[Date "2024.01.02"]
[Round "4"]
[White "Rama, Tejas"]
[Black "Kraus, Tomas"]
[Result "0-1"]
[Board "142"]
[TimeControl "180+1"]
[WhiteFideId "30907381"]
[BlackFideId "331708"]
[WhiteElo "2584"]
[BlackElo "2367"]
[WhiteTeam "USA"]
[BlackTeam "CZE"]
[WhiteClock "0:00:19"]
[BlackClock "0:00:03"]

1. d4 Nf6 2. c4 g6 3. Nf3 Bg7 4. Nc3 d5 5. Qb3 c6 6. cxd5 cxd5 7. Bg5 Nc6 8. e3 e6 9. Bd3 O-O 10. O-O Bd7 11. Rfc1 Qb6 12. Qa3 Rfc8 13. Na4 Qa5 14. Rc5 Qb4 15. Rxc6 Qxa3 16. Rxc8+ Rxc8 17. bxa3 Bxa4 18. Rb1 Bc2 19. Rc1 Ne4 20. Rxc2 Rxc2 21. Bxc2 Nc3 22. Bf4 Nxa2 23. Ne1 Bf8 24. Bb3 Nc1 25. Bd1 Bxa3 26. Nc2 Be7 27. Bb8 a5 28. Bc7 a4 29. Na1 b5 30. Ba5 Nd3 31. Bc2 Nb4 32. Bb1 Nc6 33. Bd2 b4 34. Nc2 b3 35. Na1 b2 36. Nc2 a3 37. Ba2 Na7 38. Bb4 Bxb4 39. Nxb4 Nb5 40. Nc2 Nc3 41. Nxa3 Nxa2 42. Nb1 Kf8 43. Kf1 Ke7 44. Ke2 Nb4 45. Kd2 Kd6 46. Kc3 Nc6 47. Kxb2 Ne7 48. Kc3 Nf5 49. Kd3 Nh4 50. Nd2 Nxg2 51. Nf3 f6 52. Ne5 fxe5 0-1

[Event "January 2 Early 2024"]
[Site "https://www.chess.com"]
[Date "2024.01.02"]
[Round "4"]
[White "Bernat, David"]
[Black "Aswath, S"]
[Result "0-1"]
[Board "143"]
[TimeControl "180+1"]
[WhiteFideId "2099225"]
[BlackFideId "46694919"]
[WhiteElo "2354"]
[BlackElo "2581"]
[WhiteTeam "USA"]
[BlackTeam "IND"]
[WhiteClock "0:00:04"]
[BlackClock "0:00:21"]

1. c4 Nf6 2. Nc3 g6 3. e4 d6 4. g3 Bg7 5. Bg2 O-O 6. Nge2 e5 7. O-O Nc6 8. d3 Nd7 9. f4 Nc5 10. f5 Nd4 11. Nxd4 exd4 12. Ne2 c6 13. g4 Qh4 14. Ng3 Be5 15. Qf3 f6 16. Bd2 a5 17. Be1 Qh6 18. Rd1 b5 19. Bd2 Qh4 20. Be1 bxc4 21. dxc4 Rb8 22. b3 a4 23. b4 Nd7 24. a3 Ba6 25. Rc1 Nb6 26. h3 Qh6 27. Bf2 Nxc4 28. Qe2 Qd2 29. Qxd2 Nxd2 30. Rxc6 Bxf1 31. Nxf1 Nxf1 32. Bxf1 Rfc8 33. Ra6 Rc1 34. Kg2 Rc2 35. Rxa4 Rd2 36. Bc4+ Kg7 37. Ra7+ Kh6 38. Kf3 Rc8 39. Bd5 Rc3+ 40. Kg2 Bg3 41. b5 Rxf2+ 42. Kg1 Rc1# 0-1

[Event "January 2 Early 2024"]
[Site "https://www.chess.com"]
[Date "2024.01.02"]
[Round "4"]
[White "Petre, Nad-Titus"]
[Black "Lima, Artur Tin Lun Dai"]
[Result "0-1"]
[Board "145"]
[TimeControl "180+1"]
[WhiteFideId "1204165"]
[BlackFideId "22773150"]
[WhiteElo "2548"]
[BlackElo "2347"]
[WhiteTeam "ROU"]
[BlackTeam "BRA"]
[WhiteClock "0:00:00"]
[BlackClock "0:00:45"]

1. d4 d5 2. c4 e6 3. Nc3 c5 4. e3 Nc6 5. a3 Nf6 6. dxc5 Bxc5 7. b4 Be7 8. Bb2 O-O 9. Nf3 dxc4 10. Bxc4 a6 11. Qc2 b5 12. Bd3 Bb7 13. Ne4 h6 14. Rd1 Nxe4 15. Bxe4 Qb6 16. Rd7 Rac8 17. Qb1 Rfd8 18. Bxc6 Bxc6 19. Rxe7 Kf8 20. Qh7 Bxf3 21. Rxf7+ Kxf7 22. Qxg7+ Ke8 23. O-O Bd5 24. Bf6 Qc7 25. Qg8+ Kd7 26. Qf7+ Kc6 27. Rc1+ Bc4 28. Qxe6+ Rd6 29. Qe4+ Kb6 30. Be5 Qc6 0-1

[Event "January 2 Early 2024"]
[Site "https://www.chess.com"]
[Date "2024.01.02"]
[Round "4"]
[White "Rogov, Matfey"]
[Black "Bueno, Alfeu Junior Varela"]
[Result "1-0"]
[Board "146"]
[TimeControl "180+1"]
[WhiteFideId "44191308"]
[BlackFideId "2108879"]
[WhiteElo "2546"]
[BlackElo "2346"]
[WhiteTeam "RUS"]
[BlackTeam "BRA"]
[WhiteClock "0:01:04"]
[BlackClock "0:00:10"]

1. f4 e6 2. Nf3 b6 3. e3 Bb7 4. b3 f5 5. Bb2 Nf6 6. d3 Be7 7. g3 O-O 8. Bg2 Nd5 9. Qe2 Bf6 10. c3 b5 11. e4 Nb6 12. h4 b4 13. e5 bxc3 14. Nxc3 Be7 15. O-O-O a5 16. Rdg1 a4 17. Ng5 axb3 18. Bxb7 Ra7 19. Qh5 h6 20. Qg6 Bxg5 21. hxg5 Qe8 22. Qxe8 Rxe8 23. Bf3 hxg5 24. Bh5 Rd8 25. axb3 g4 26. Bg6 Kf8 27. Nb5 Ra5 28. Rh8+ Ke7 29. Ba3+ Rxa3 30. Rxd8 Ra1+ 31. Kb2 Rxg1 32. Re8# 1-0

[Event "January 2 Early 2024"]
[Site "https://www.chess.com"]
[Date "2024.01.02"]
[Round "4"]
[White "Pavlidou, Ekaterini"]
[Black "Ezat, Mohamed"]
[Result "1-0"]
[Board "147"]
[TimeControl "180+1"]
[WhiteFideId "4213262"]
[BlackFideId "10600906"]
[WhiteElo "2343"]
[BlackElo "2545"]
[WhiteTeam "GRE"]
[BlackTeam "EGY"]
[WhiteClock "0:00:38"]
[BlackClock "0:00:00"]

1. d4 Nf6 2. c4 d6 3. Nc3 g6 4. e4 Bg7 5. Bd3 O-O 6. Nge2 c5 7. d5 e6 8. h3 exd5 9. exd5 Re8 10. Qc2 Nbd7 11. f4 a6 12. a4 Nh5 13. O-O f5 14. Bd2 Ndf6 15. Rae1 Bd7 16. g3 Qc7 17. Kh2 Re7 18. Ng1 Rae8 19. Qb1 Qd8 20. Rxe7 Rxe7 21. Nf3 h6 22. Re1 Qe8 23. Rxe7 Qxe7 24. Qe1 Qd8 25. Nh4 Kh7 26. g4 fxg4 27. Bxg6+ Kg8 28. f5 g3+ 29. Kg2 Ng4 30. Bxh5 Nf2 31. Nf3 Bxf5 32. Bg4 Nxg4 33. hxg4 Bxg4 34. Qxg3 Qd7 35. Bxh6 Bxh6 36. Nh2 Qe7 37. Qxg4+ Kh8 38. Nf3 Bg7 39. Qh3+ Kg8 40. Qe6+ Qxe6 41. dxe6 Kf8 42. Nd5 Bxb2 43. e7+ Ke8 44. Ng5 Be5 45. a5 1-0

[Event "January 2 Early 2024"]
[Site "https://www.chess.com"]
[Date "2024.01.02"]
[Round "4"]
[White "Lira, Suan Bruno Fernandes"]
[Black "Coro, Lucas"]
[Result "1/2-1/2"]
[Board "148"]
[TimeControl "180+1"]
[WhiteFideId "22794620"]
[BlackFideId "147222"]
[WhiteElo "2340"]
[BlackElo "2530"]
[WhiteTeam "BRA"]
[BlackTeam "ARG"]
[WhiteClock "0:00:15"]
[BlackClock "0:00:06"]

1. d4 Nf6 2. c4 g6 3. Nc3 Bg7 4. e4 O-O 5. Nf3 d6 6. Be2 Nc6 7. O-O e5 8. d5 Ne7 9. b4 a5 10. bxa5 c5 11. a4 Nd7 12. Ra3 Rxa5 13. Nb5 Ra6 14. Re1 f5 15. exf5 Nxf5 16. Ng5 Nf6 17. Bf3 e4 18. Bxe4 Nxe4 19. Rxe4 Nd4 20. Nxd4 Bxd4 21. Rf3 Bf5 22. Ne6 Qd7 23. Rxd4 cxd4 24. Nxf8 Qxa4 25. Qxd4 Qa1 26. Qb2 Ra2 27. Qc3 Qxc3 28. Rxc3 Kxf8 29. h3 Ke7 30. Bg5+ Kd7 31. g4 Bc2 32. Re3 h5 33. Re7+ Kc8 34. Re8+ Kc7 35. Re7+ Kc8 36. gxh5 gxh5 37. Re6 Ra1+ 38. Kg2 Ra6 39. Bf4 Bb3 40. Bxd6 Bxc4 41. Rf6 Bxd5+ 42. Kg3 Ra4 43. f4 Ra2 44. Kh4 Rh2 45. Kxh5 Bg2 46. Kg5 Rxh3 47. Kf5 Bc6 48. Ke6 Bd7+ 49. Ke5 Re3+ 50. Kd4 Re8 51. Rf8 Rxf8 52. Bxf8 Kc7 53. Bb4 Kc6 54. Ke5 Kb5 55. Be7 Kc6 56. Ba3 b5 57. Bc1 b4 58. Bb2 Kb5 59. Kd4 Ka4 60. Kc5 Kb3 61. Be5 Ka3 62. Kc4 b3 63. Bd6+ Ka2 64. Be5 Bf5 65. Bc3 Be6+ 66. Kd4 Bf5 67. Ke5 Bh7 68. f5 Kb1 69. f6 Bg6 70. Bd4 Kc2 71. Ba1 Kb1 72. Bd4 Kc2 73. Ke6 Kd3 74. Bb2 Kc2 75. Be5 b2 76. Bxb2 Kxb2 77. Ke7 Kc3 78. Kf8 Kd4 79. Kg7 Be8 80. f7 Bxf7 1/2-1/2

[Event "January 2 Early 2024"]
[Site "https://www.chess.com"]
[Date "2024.01.02"]
[Round "4"]
[White "Dushyant Sharma"]
[Black "Gao, Raymond"]
[Result "1/2-1/2"]
[Board "149"]
[TimeControl "180+1"]
[WhiteFideId "25065130"]
[BlackFideId "2629429"]
[WhiteElo "2526"]
[BlackElo "2335"]
[WhiteTeam "IND"]
[BlackTeam "CAN"]
[WhiteClock "0:00:12"]
[BlackClock "0:00:06"]

1. e4 c5 2. Nf3 Nc6 3. d4 cxd4 4. Nxd4 g6 5. f4 Bg7 6. Nf3 d6 7. Nc3 Bxc3+ 8. bxc3 Nf6 9. Bd3 Bd7 10. O-O Rc8 11. Qe1 O-O 12. Bd2 Na5 13. Rd1 Nc4 14. Bc1 Qa5 15. Qh4 Qh5 16. Qg3 Qg4 17. Qf2 Qh5 18. h3 Qc5 19. Nd4 d5 20. e5 Ne4 21. Bxe4 dxe4 22. Qh4 e3 23. Rd3 Bf5 24. Rxe3 Nxe3 25. Bxe3 Qxc3 26. Nxf5 gxf5 27. Rf3 Kh8 28. Qxe7 Rg8 29. Qf6+ Rg7 30. Kh2 Qc6 31. Qxc6 Rxc6 32. Bd4 Kg8 33. e6 fxe6 34. Bxg7 Kxg7 35. Rb3 b6 36. Ra3 a5 37. c3 Kf6 38. Rb3 e5 39. fxe5+ Kxe5 40. Kg3 a4 41. Rb5+ Rc5 42. Rb4 Rxc3+ 43. Kh4 a3 44. Rxb6 Rc2 45. Rb5+ Kf6 46. g4 fxg4 47. hxg4 Rxa2 48. Rb6+ Kg7 49. Ra6 Ra1 50. Kg5 a2 51. Ra7+ Kg8 52. Ra6 Kg7 53. Ra7+ Kg8 54. Ra6 Kf7 55. Ra8 Ke6 56. Ra7 Kd6 57. Ra6+ Ke7 58. Ra8 Ke6 59. Ra7 Kd6 60. Ra3 Ke6 61. Ra6+ Kf7 62. Ra7+ Ke8 63. Ra6 Kd7 64. Ra5 Ke6 65. Ra3 Kd6 66. Ra8 Ke6 1/2-1/2

[Event "January 2 Early 2024"]
[Site "https://www.chess.com"]
[Date "2024.01.02"]
[Round "4"]
[White "Jeran, Bostjan"]
[Black "Neagu, Roberto Florin"]
[Result "1-0"]
[Board "150"]
[TimeControl "180+1"]
[WhiteFideId "14604612"]
[BlackFideId "54588898"]
[WhiteElo "2339"]
[BlackElo "2524"]
[WhiteTeam "SLO"]
[BlackTeam "ESP"]
[WhiteClock "0:00:04"]
[BlackClock "0:00:56"]

1. g3 g6 2. Bg2 Bg7 3. Nf3 Nf6 4. O-O O-O 5. d3 c6 6. c4 d5 7. Nc3 Bg4 8. h3 Bxf3 9. Bxf3 e6 10. Qc2 Nbd7 11. b3 Ne5 12. Bg2 d4 13. Nb1 a5 14. a3 h5 15. Nd2 Kh7 16. Nf3 Nxf3+ 17. Bxf3 Nd7 18. Bd2 Qe7 19. b4 a4 20. Rab1 Ne5 21. Bg2 Rac8 22. Qxa4 Ra8 23. Qb3 g5 24. a4 f5 25. b5 c5 26. a5 f4 27. a6 f3 28. exf3 Rxf3 29. Bxf3 Nxf3+ 30. Kg2 Nxd2 31. Qd1 Nxf1 32. Qxh5+ Bh6 33. Kxf1 bxa6 34. b6 Qb7 35. Kg1 Rf8 36. Qg4 Rf5 37. Qe2 Rf7 38. Qxe6 Qf3 39. Rb2 a5 40. Qxf7+ Qxf7 41. b7 Bg7 42. b8=Q Qf3 43. Qb7 Qxd3 44. Kg2 Qf5 45. Qf3 Qe6 46. Rb7 a4 47. Qh5+ Qh6 48. Qf3 Qg6 49. Qa3 Qe4+ 50. Qf3 Qg6 51. Ra7 Qe6 52. Rxa4 Qd7 53. Ra8 Qe6 54. Rd8 Qxc4 55. Qf5+ Kh6 56. Rd6+ Bf6 57. Rxf6+ Kg7 58. Qg6+ Kh8 59. Rf8+ Qg8 60. Rxg8# 1-0

[Event "January 2 Early 2024"]
[Site "https://www.chess.com"]
[Date "2024.01.02"]
[Round "4"]
[White "Preobrazhenskaya, Diana"]
[Black "Novikov, Evgenij"]
[Result "1-0"]
[Board "151"]
[TimeControl "180+1"]
[WhiteFideId "34270566"]
[BlackFideId "4125380"]
[WhiteElo "2337"]
[BlackElo "2521"]
[WhiteTeam "FID"]
[BlackTeam "RUS"]
[WhiteClock "0:00:47"]
[BlackClock "0:01:04"]

1. e4 c5 2. Nf3 e6 3. d4 cxd4 4. Nxd4 a6 5. Bd3 Nf6 6. O-O Qc7 7. c4 Bc5 8. Nb3 Ba7 9. Nc3 h5 10. h3 Ng4 11. hxg4 hxg4 12. Re1 g3 13. Be3 gxf2+ 14. Kxf2 Qh2 15. Bxa7 Qh4+ 16. Ke2 Rxa7 17. Rh1 Qg4+ 18. Kf2 Rxh1 19. Qxg4 Rxa1 20. Nxa1 1-0

[Event "January 2 Early 2024"]
[Site "https://www.chess.com"]
[Date "2024.01.02"]
[Round "4"]
[White "Rietze, Clemens, Dr."]
[Black "Dahl, Trygve"]
[Result "1-0"]
[Board "152"]
[TimeControl "180+1"]
[WhiteFideId "24620351"]
[BlackFideId "1513427"]
[WhiteElo "2516"]
[BlackElo "2331"]
[WhiteTeam "GER"]
[BlackTeam "NOR"]
[WhiteClock "0:00:13"]
[BlackClock "0:00:06"]

1. d4 Nf6 2. c4 e6 3. Nf3 Bb4+ 4. Bd2 Qe7 5. Nc3 Bxc3 6. Bxc3 Ne4 7. Qc2 Nxc3 8. Qxc3 b6 9. e4 Bb7 10. Bd3 d6 11. O-O Nd7 12. Rfe1 e5 13. Rad1 O-O 14. h3 Rfe8 15. b4 a5 16. a3 Qf6 17. Bc2 exd4 18. Nxd4 Ne5 19. Nb5 Re7 20. c5 dxc5 21. bxc5 Qc6 22. f4 Nd7 23. Nd4 Qxc5 24. Qg3 Nf6 25. e5 Nh5 26. Qe3 Rd7 27. Bb3 Rad8 28. e6 Rxd4 29. exf7+ Kh8 30. Qe8+ Qf8 31. Rxd4 Nf6 1-0

[Event "January 2 Early 2024"]
[Site "https://www.chess.com"]
[Date "2024.01.02"]
[Round "4"]
[White "Larina, Maria"]
[Black "xakevicius91"]
[Result "0-1"]
[Board "153"]
[TimeControl "180+1"]
[WhiteFideId "24113182"]
[WhiteElo "2330"]
[BlackElo "2513"]
[WhiteTeam "FID"]
[WhiteClock "0:00:02"]
[BlackClock "0:00:25"]

1. e4 c5 2. Nc3 Nc6 3. g3 g6 4. Bg2 Bg7 5. d3 d6 6. Nf3 e6 7. O-O Nge7 8. Be3 Nd4 9. Qd2 h5 10. Bg5 a6 11. Nd1 f6 12. Be3 e5 13. c3 Nxf3+ 14. Bxf3 h4 15. d4 cxd4 16. cxd4 Be6 17. Nc3 Qd7 18. Rfd1 hxg3 19. fxg3 Bg4 20. Bxg4 Qxg4 21. dxe5 dxe5 22. Bb6 O-O 23. Nd5 Nxd5 24. Qxd5+ Kh7 25. Rd2 Rac8 26. Re1 Rc6 27. Bf2 Rfc8 28. Qd7 Qxd7 29. Rxd7 R6c7 30. Red1 Rc1 31. Be3 Rxd1+ 32. Rxd1 Rc7 33. Kf2 g5 34. h3 Kg6 35. Kf3 Bf8 36. g4 Be7 37. Rd2 Bb4 38. Re2 b5 39. a3 Be7 40. Rd2 a5 41. Ke2 b4 42. axb4 Bxb4 43. Rd5 Rc2+ 44. Kd3 Rxb2 45. Rd8 Rh2 46. Rh8 Kg7 47. Rh5 Rg2 48. Kc4 Rg3 49. Bb6 Rc3+ 50. Kb5 Ra3 51. Kc4 Ra1 52. h4 gxh4 53. Rxh4 Be7 54. Rh5 a4 55. Kc3 a3 56. Kb3 Rb1+ 57. Ka2 Rb2+ 58. Ka1 Rxb6 59. g5 fxg5 60. Rh1 Bc5 0-1

[Event "January 2 Early 2024"]
[Site "https://www.chess.com"]
[Date "2024.01.02"]
[Round "4"]
[White "Ankerst, Mihael"]
[Black "Lopusiewicz, Piotr"]
[Result "0-1"]
[Board "154"]
[TimeControl "180+1"]
[WhiteFideId "14602369"]
[BlackFideId "1116029"]
[WhiteElo "2324"]
[BlackElo "2501"]
[WhiteTeam "SLO"]
[BlackTeam "POL"]
[WhiteClock "0:00:00"]
[BlackClock "0:00:27"]

1. d4 Nf6 2. c4 e6 3. Nc3 d5 4. cxd5 exd5 5. Bg5 Be7 6. e3 h6 7. Bh4 O-O 8. Bd3 c6 9. Nge2 Nbd7 10. Qc2 Re8 11. O-O-O Ne4 12. Bxe7 Qxe7 13. Ng3 Ndf6 14. Ncxe4 dxe4 15. Be2 b6 16. Kb1 Be6 17. Qxc6 Rec8 18. Qa4 a6 19. Rc1 b5 20. Rxc8+ Bxc8 21. Qc2 Be6 22. Rc1 Qb4 23. Nxe4 Nd5 24. Qc5 Qa5 25. Qd6 Rd8 26. Qe5 Nxe3 27. fxe3 Qxa2+ 28. Kc2 Bb3+ 29. Kc3 Ba4 30. Nc5 Rc8 0-1

[Event "January 2 Early 2024"]
[Site "https://www.chess.com"]
[Date "2024.01.02"]
[Round "4"]
[White "Tuleyeva-Aketayeva, Dana"]
[Black "Tikhonov, Viacheslav"]
[Result "1-0"]
[Board "155"]
[TimeControl "180+1"]
[WhiteFideId "13701932"]
[BlackFideId "44196407"]
[WhiteElo "2322"]
[BlackElo "2501"]
[WhiteTeam "KAZ"]
[BlackTeam "RUS"]
[WhiteClock "0:00:02"]
[BlackClock "0:00:01"]

1. d4 Nf6 2. Nf3 g6 3. g3 Bg7 4. Bg2 O-O 5. O-O d5 6. c3 Bf5 7. Qb3 Qc8 8. Bf4 c6 9. Nbd2 Ne4 10. Rfd1 Nd7 11. Nh4 Nxd2 12. Bxd2 Nf6 13. Nxf5 gxf5 14. f3 e6 15. c4 dxc4 16. Qxc4 Qd7 17. e4 fxe4 18. fxe4 Rad8 19. Bf4 h6 20. Rd2 Qe7 21. Rad1 Rfe8 22. Bf3 Nd7 23. Qb3 Nf8 24. Qe3 Kh7 25. e5 Ng6 26. Be4 Qf8 27. h4 Kg8 28. h5 Nxf4 29. gxf4 f5 30. exf6 Bxf6 31. Rg2+ Kh8 32. Rg6 Rd7 33. f5 Rg7 34. Qxh6+ Kg8 35. Kh1 exf5 36. Bxf5 Be7 37. Rdg1 Qf7 38. Rxg7+ Kf8 39. Rg8# 1-0

[Event "January 2 Early 2024"]
[Site "https://www.chess.com"]
[Date "2024.01.02"]
[Round "4"]
[White "Estrada Nieto, Julian"]
[Black "Lacasa Diaz, Josep Anton"]
[Result "1-0"]
[Board "156"]
[TimeControl "180+1"]
[WhiteFideId "5101018"]
[BlackFideId "2203375"]
[WhiteElo "2498"]
[BlackElo "2322"]
[WhiteTeam "ESP"]
[BlackTeam "ESP"]
[WhiteClock "0:00:20"]
[BlackClock "0:00:00"]

1. e4 c5 2. Nf3 d6 3. d4 cxd4 4. Qxd4 Nc6 5. Bb5 Bd7 6. Bxc6 Bxc6 7. Nc3 Nf6 8. Bg5 g6 9. Bxf6 exf6 10. O-O-O Bh6+ 11. Kb1 O-O 12. Qxd6 Qxd6 13. Rxd6 Rfe8 14. Re1 f5 15. exf5 Bxf3 16. Rxe8+ Rxe8 17. gxf3 Bf4 18. Rd1 Bxh2 19. Nd5 Re2 20. Nf6+ Kg7 21. Ng4 Be5 22. fxg6 Kxg6 23. Rg1 Kf5 24. a4 h5 25. Nxe5 Kxe5 26. Rg5+ Kf4 27. Rxh5 Re7 28. Rh3 a5 29. Ka2 f5 30. Kb3 Re2 31. Rh7 b6 32. Rb7 Kxf3 33. Rxb6 f4 34. Rb5 Kxf2 35. Rxa5 f3 36. Rf5 Re3+ 37. Kc4 Ke2 38. a5 f2 39. Rxf2+ Kxf2 40. a6 Ke2 41. b4 Kd2 42. b5 Kxc2 43. b6 Rc3+ 44. Kb5 Kb3 45. a7 1-0

[Event "January 2 Early 2024"]
[Site "https://www.chess.com"]
[Date "2024.01.02"]
[Round "4"]
[White "Zampronha, Wladimir Camilo"]
[Black "Ladan, Nicholas"]
[Result "0-1"]
[Board "157"]
[TimeControl "180+1"]
[WhiteFideId "2103087"]
[BlackFideId "30918855"]
[WhiteElo "2315"]
[BlackElo "2493"]
[WhiteTeam "BRA"]
[BlackTeam "USA"]
[WhiteClock "0:00:00"]
[BlackClock "0:00:40"]

1. e4 b6 2. d4 Bb7 3. Bd3 f5 4. Qh5+ g6 5. Qe2 fxe4 6. Bxe4 d5 7. Bd3 Nf6 8. Nf3 Nbd7 9. Ng5 c5 10. Qe6 Qb8 11. Bf4 Qxf4 12. Qf7+ Kd8 13. Ne6+ Kc8 14. Nxf4 cxd4 15. O-O e5 16. Ne6 Bd6 17. Na3 a6 18. Rfe1 e4 19. Be2 Re8 20. Ng5 Re7 21. Nxe4 Bxa3 22. Nxf6 Rxf7 23. Nxd7 Kxd7 24. bxa3 Kd6 25. Bd3 Raf8 26. Rab1 b5 27. a4 Bc6 28. axb5 axb5 29. Re2 Ra7 30. Bxb5 Rb8 31. a4 Rxa4 0-1